 Dungeon Crawl Stone Soup version 0.23-a0-151-gf6d1ed2717 (webtiles) character file.

53 Jesh the Vexing (level 3, -1/16 HPs)
             Began as a Spriggan Enchanter on Sept 8, 2018.
             Shot with a stone by a goblin (8 damage)
             ... led by Robin
             ... on level 3 of the Dungeon.
             The game lasted 00:06:48 (2817 turns).

Jesh the Vexing (Spriggan Enchanter)                Turns: 2817, Time: 00:06:49

Health: -1/16      AC:  2    Str:  4    XL:     3   Next: 64%
Magic:  9/9        EV: 18    Int: 17    God:
Gold:   85         SH:  0    Dex: 16    Spells: 1/10 levels left

rFire    . . .     SeeInvis +   g - -3 dagger (curse)
rCold    . . .     Gourm    .   (shield restricted)
rNeg     . . .     Faith    .   b - +0 robe
rPois    .         Spirit   .   (helmet restricted)
rElec    .         Reflect  .   (no cloak)
rCorr    .         Harm     .   (gloves unavailable)
MR       +....                  (boots unavailable)
Stlth    +++.......             (no amulet)
HPRegen  0.05/turn              e - ring of protection from magic
MPRegen  0.11/turn              (no ring)

@: very quick
A: very small, unfitting armour, see invisible, herbivore, speed 3, slow
metabolism 2
a: no special abilities


You were on level 3 of the Dungeon.
You were not hungry.

You visited 1 branch of the dungeon, and saw 3 of its levels.

You collected 85 gold pieces.

Inventory:

Hand Weapons
 a - a +1 dagger
 f - a +0 dagger of flaming
 g - a cursed -3 dagger (weapon)
Armour
 b - a +0 robe (worn)
Jewellery
 e - a ring of protection from magic (left hand)
Scrolls
 c - 4 scrolls of teleportation
Comestibles
 d - 3 rations


   Skills:
 - Level 1.1 Short Blades
 - Level 3.0 Dodging
 - Level 4.4 Stealth
 + Level 4.1 Spellcasting
 + Level 4.7 Hexes


You had one spell level left.
You knew the following spells:

 Your Spells              Type           Power        Failure   Level  Hunger
a - Ensorcelled Hibernat  Hex/Ice        ##....       9%          2    ##.....
b - Corona                Hex            ###....      2%          1    None
c - Confuse               Hex            ###.....     7%          3    ###....
d - Tukima's Dance        Hex            ###.....     7%          3    ###....

Your spell library contained the following spells:

 Spells                   Type           Power        Failure   Level  Hunger
 Dazzling Spray           Conj/Hex       ##....       19%         3    ###....


Dungeon Overview and Level Annotations

Branches:
Dungeon (3/15)

Altars:


Innate Abilities, Weirdness & Mutations

You are very small and have problems with some larger weapons.
You are too small for most types of armour.
You have supernaturally acute eyesight. (SInv)
You are a herbivore.
You cover ground extremely quickly.
You need to consume almost no food.


Message History

You kill the hobgoblin!
You start resting.
Magic restored.
You start resting.
HP restored.
You eat one of the 4 rations.
That ration really hit the spot!
(D) Dungeon
Where to? (Enter - D:2 @ (x,y), ? - help)
You see here a hobgoblin corpse.
You see here a dagger.
There is a stone staircase leading down, spattered with blood here.
You climb downwards.
The goblin shoots a stone.
The stone hits you.
The goblin shoots a stone.
The stone hits you. The stone burns you.
The goblin shoots a stone.
The stone hits you.
There is a stone staircase leading up, spattered with blood here.
You see here 5 stones.
Unknown command.
The goblin shoots a stone.
The stone hits you!
Ouch! That really hurt!
You die...

###########
#...((....#
#...@.....#
#.....(...#
#.........#
.............
###.g...g....#
##....!.#..#
#...##.!...
##..g#
#.###.######
.... ##
#....<.#


You could see 3 goblins.

Vanquished Creatures
  An adder (D:2)
  An ooze (D:1)
  2 dart slugs (D:2)
  A leopard gecko (D:1)
  10 goblins
  3 hobgoblins
  7 bats
  3 frilled lizards
  5 rats
33 creatures vanquished.

Notes
Turn   | Place    | Note
-------+----------+-------------------------------------------
     0 | D:1      | Jesh the Spriggan Enchanter began the quest for the Orb.
     0 | D:1      | Reached XP level 1. HP: 9/9 MP: 5/5
   674 | D:1      | Reached XP level 2. HP: 13/13 MP: 5/7
   679 | D:1      | Learned a level 2 spell: Ensorcelled Hibernation
  1256 | D:2      | Reached XP level 3. HP: 4/16 MP: 0/9
  1261 | D:2      | Learned a level 3 spell: Confuse
  1265 | D:2      | Learned a level 3 spell: Tukima's Dance
  1752 | D:3      | Noticed a centaur
  2817 | D:3      | Shot with a stone by a goblin

Vault maps used:
D:1:      saegor_arrival_simple_d
D:2:      first_ration
D:3:      led_sif_pool, uniq_grinder, uniq_robin

Skill      XL: |  1  2  3 |
---------------+----------+-----
Spellcasting   | 3 4 |  4.1
Hexes          | 4 |  4.7
Short Blades   | |  1.1
Dodging        | |  3.0
Stealth        | |  4.4

Action                   || total
-------------------------++-------
Melee: Dagger            ||   112
 Cast: Corona            ||     3
       Ensorcelled Hiber ||    23
  Use: Scroll            ||     6
       Potion            ||     2
 Stab: Sleeping          ||    19
  Eat: Ration            ||     1
Armor: Robe              ||    22
Dodge: Dodged            ||   132

Table legend:
 A = Non-vault XP
 B = Vault XP
 C = Vault XP percentage of total XP
 D = Non-vault monster count
 E = Vault monster count
 F = Vault count percentage of total count
                 A         B        C        D         E       F
            +---------+---------+-------+---------+---------+-------
      Total |      62 |      15 |  19.5 |      25 |       8 |  24.2
            +---------+---------+-------+---------+---------+-------
        D:1 |      22 |       0 |   0.0 |      10 |       0 |   0.0
        D:2 |      37 |      15 |  28.8 |      13 |       8 |  38.1
        D:3 |       3 |       0 |   0.0 |       2 |       0 |   0.0
            +---------+---------+-------+---------+---------+-------
